 Seeded DCSS version 0.28.0 (webtiles) character file.

Game seed: 10379525442082979767 (custom seed)

857 hikkokomori the Skirmisher (level 8, -3/63 (64) HPs)
             Began as a Formicid Cinder Acolyte on Feb 16, 2022.
             Was a High Priest of Ignis.
             Slain by Pikel (9 damage)
             ... on level 6 of the Dungeon.
             The game lasted 00:08:18 (4205 turns).

hikkokomori the Skirmisher (FoCA)                   Turns: 4205, Time: 00:08:18

HP:   -3/63 (64)    AC:  2    Str: 21    XL:     8   Next: 22%
MP:   4/14          EV: 11    Int: 14    God:    Ignis [*****.]
Gold: 42            SH:  0    Dex:  6    Spells: 13/15 levels left

rFire   + . .      SeeInvis +   k - +3 halberd (freeze)
rCold   . . .      Faith    .   (no shield)
rNeg    . . .      Spirit   .   b - +0 robe
rPois   .          Reflect  .   (helmet unavailable)
rElec   .          Harm     .   (no cloak)
rCorr   .          Rampage  .   (no gloves)
Will    .....                   (no boots)
Stlth   +.........              (no amulet)
HPRegen 0.20/turn               (no ring)
MPRegen 0.14/turn               (no ring)

@: lightly drained
A: permanent stasis, dig shafts and tunnels, antennae 3, four strong arms
a: Dig, Shaft Self, Renounce Religion, Fiery Armour, Foxfire Swarm, Rising Flame


You were on level 6 of the Dungeon.
You worshipped Ignis.
Ignis was extremely pleased with you.
You visited 1 branch of the dungeon, and saw 4 of its levels.

You collected 42 gold pieces.

Inventory:

Hand Weapons
 a - a -1 spear of flaming
 i - a +0 halberd of flaming
 k - a +3 halberd of freezing (weapon)
Armour
 b - a +0 robe (worn)
 d - a +0 chain mail
Scrolls
 e - a scroll of teleportation
 g - a scroll of magic mapping {unknown}
 h - a scroll of blinking {unknown}
 j - a scroll of silence {unknown}
Potions
 c - a potion of degeneration (quivered)
 f - a potion of curing


   Skills:
 + Level 5.8 Fighting
 + Level 5.3 Polearms
 + Level 4.3 Spellcasting
 + Level 5.2 Fire Magic


You had 13 spell levels left.
You knew the following spells:

 Your Spells              Type           Power      Damage    Failure   Level
a - Scorch                Fire           34%        2d6       3%          2

Your spell library contained the following spells:

 Spells                   Type           Power      Damage    Failure   Level


Dungeon Overview and Level Annotations

Branches:
Dungeon (3/15)

Altars:

Shops:
D:3 ?

Annotations:
D:6 Pikel


Innate Abilities, Weirdness & Mutations

You cannot be hasted, slowed, berserked, paralysed or teleported.
You can dig through walls and to a lower floor.
You have a pair of large antennae on your head. (SInv)
Your four strong arms can wield two-handed weapons with a shield.


Message History

Casting: Scorch (safe; 3% risk of failure)
Confirm with . or Enter, or press ? or * to list all spells.
You don't have enough magic to cast this spell.
Casting: Scorch (safe; 3% risk of failure)
Confirm with . or Enter, or press ? or * to list all spells.
You don't have enough magic to cast this spell.
You hit Pikel but do no damage.
Pikel is moderately wounded.
Pikel hits you with a +0 whip of flaming.
Pikel burns you.
You barely miss Pikel.
Pikel is moderately wounded.
Pikel hits you with a +0 whip of flaming.
Pikel burns you.
A lemure comes into view.
You completely miss Pikel.
Pikel is moderately wounded.
Pikel is no longer more vulnerable to fire.
Pikel hits you with a +0 whip of flaming!
Pikel burns you.
Pikel hits you with a +0 whip of flaming!
* * * LOW HITPOINT WARNING * * *
Pikel burns you.
* * * LOW HITPOINT WARNING * * *
Unknown command.
You miss Pikel.
Pikel is moderately wounded.
Pikel hits you with a +0 whip of flaming!
* * * LOW HITPOINT WARNING * * *
Unknown command.
Things that are here:
a +0 dagger; a +0 robe You see here a +0 robe.
Things that are here:
a +0 hand axe; 21 stones; a +0 robe Pikel waves his whip at you.
You see here a +2 helmet.
Okay, then.
Pikel hits you with a +0 whip of flaming!
You die...

#.# #.# #.####
#.[..### ...... ##
#......## ...... #.
##......## #......
#. ####..5.###
##..... #.
###....###..... #.
##K@......#
#######. ##.......#
#....... ###.....#
#.#####. #######..#
#.# #.
.........###.#####.
######.#...†.......
...#.####......
#....#.# #......
#...##.# #......


You could see Pikel and a lemure.

Vanquished Creatures
  Grinder (D:6)
  Sigmund (D:3)
  An ogre (D:6)
  3 lemures (D:6)
  A scorpion (D:6)
  A water moccasin zombie (D:6)
  5 wights (D:6)
  A howler monkey zombie (D:6)
  4 gnolls (D:3)
  3 adders
  A worm (D:3)
  2 dart slugs
  An endoplasm (D:3)
  3 giant cockroaches
  3 goblins
  2 hobgoblins
  2 quokkas
  4 ball pythons
  7 bats
  4 frilled lizards
  6 kobolds
  3 rats
59 creatures vanquished.

Vanquished Creatures (others)
  17 plants (D:6)
17 creatures vanquished.

Grand Total: 76 creatures vanquished

Notes
Turn   | Place    | Note
-------+----------+-------------------------------------------
     0 | D:1      | hikkokomori the Formicid Cinder Acolyte began the quest for
                  | the Orb.
     0 | D:1      | Reached XP level 1. HP: 18/18 MP: 2/2
   226 | D:1      | Reached XP level 2. HP: 24/24 MP: 4/4
   804 | D:2      | Reached XP level 3. HP: 8/30 MP: 5/5
  1043 | D:2      | Learned a level 2 spell: Scorch
  1395 | D:2      | Reached XP level 4. HP: 37/37 MP: 6/6
  2015 | D:3      | Found Vynolin's Magic Scroll Boutique.
  2570 | D:3      | Noticed Sigmund
  2591 | D:3      | Reached XP level 5. HP: 11/42 MP: 2/8
  2596 | D:3      | Killed Sigmund
  2597 | D:3      | Reached XP level 6. HP: 14/49 MP: 1/10
  3132 | D:3      | Found a faded altar of an unknown god.
  3133 | D:3      | You fall into a shaft and drop 3 floors!
  3133 | D:6      | Noticed Grinder
  3164 | D:6      | Killed Grinder
  3165 | D:6      | Reached skill level 5 in Fighting
  3165 | D:6      | Reached XP level 7. HP: 30/56 MP: 2/12
  3634 | D:6      | Reached skill level 5 in Polearms
  3815 | D:6      | Reached skill level 5 in Fire Magic
  3827 | D:6      | Reached XP level 8. HP: 63/63 MP: 5/14
  4167 | D:6      | Noticed Pikel
  4187 | D:6      | HP: 2/63 [Pikel (10)]
  4205 | D:6      | Slain by Pikel

Illustrated notes

Levels and vault maps discovered:
D:1:      minmay_arrival_arboretum_small, layout_basic
D:2:      layout_basic
D:3:      layout_loops_cross, serial_shops, nicolae_shop_hallway_stairs,
          ebering_ecumenical_altar_ruins, uniq_sigmund
D:6:      layout_basic, minmay_temple_entry_oklob, serial_curves,
          eino_curves_04, eino_curves_03, eino_curves_04, eino_curves_02,
          uniq_grinder, uniq_pikel, uniq_crazy_yiuf_cottage

Skill      XL: |  1  2  3  4  5  6  7 |
---------------+----------------------+-----
Spellcasting   | 2 3 4 |  4.3
Fighting       | 4 5 |  5.8
Polearms       | 4 5 |  5.3
Fire Magic     | 4 5 |  5.2

Action                   |  1- 3 |  4- 6 |  7- 9 || total
-------------------------+-------+-------+-------++-------
Melee: Spear             |    94 |     9 |       ||   103
       Halberd           |       |    46 |    26 ||    72
 Cast: Scorch            |       |    22 |    29 ||    51
  Use: Potion            |     1 |       |       ||     1
       Scroll            |       |     4 |       ||     4
Armor: Robe              |    19 |     7 |       ||    26
Dodge: Dodged            |    37 |    30 |    17 ||    84
